 Dungeon Crawl Stone Soup version 0.22-a0-601-gb0ed703ee0 (webtiles) character file.

441 logros13 the Chopper (level 6, -17/55 HPs)
             Began as a Minotaur Fighter on July 7, 2018.
             Was an Initiate of Makhleb.
             Demolished by an orc warrior
             ... wielding the +7 war axe "Exzag" {elec, rPois rF- Str+4}
              (20 damage)
             ... on level 5 of the Dungeon.
             The game lasted 00:38:57 (3264 turns).

logros13 the Chopper (Minotaur Fighter)             Turns: 3264, Time: 00:38:58

Health: -17/55     AC:  8    Str: 23    XL:     6   Next: 70%
Magic:  5/5        EV:  8    Int:  5    God:    Makhleb [......]
Gold:   255        SH: 10    Dex:  9    Spells: 5/5 levels left

rFire    . . .     SeeInvis .   a - +1 war axe
rCold    . . .     Gourm    .   c - +0 shield
rNeg     . . .     Faith    .   b - +0 scale mail
rPois    .         Spirit   .   (helmet restricted)
rElec    .         Reflect  .   i - +0 cloak
rCorr    +         Harm     .   (no gloves)
MR       .....                  (no boots)
Stlth    ..........             (no amulet)
HPRegen  0.18/turn              m - ring of resist corrosion
MPRegen  0.09/turn              (no ring)

@: no status effects
A: retaliatory headbutt, horns 2
a: Renounce Religion


You were on level 5 of the Dungeon.
You worshipped Makhleb.
Makhleb was noncommittal.
You were not hungry.

You visited 2 branches of the dungeon, and saw 6 of its levels.

You collected 255 gold pieces.

Inventory:

Hand Weapons
 a - a +1 war axe (weapon)
 d - a cursed -1 hand axe
 e - a +2 whip of electrocution
 o - a +0 hunting sling
Missiles
 j - 31 sling bullets (quivered)
 l - 47 bolts
 p - 101 arrows
 t - 7 tomahawks
 D - 8 poisoned needles
Armour
 b - a +0 scale mail (worn)
 c - a +0 shield (worn)
 i - a +0 cloak (worn)
Jewellery
 m - a ring of resist corrosion (left hand)
 z - a +5 ring of dexterity {unknown}
Wands
 y - a wand of iceblast (8)
Scrolls
 k - a scroll of noise
 q - 2 scrolls of remove curse
 r - 3 scrolls of identify
Potions
 g - a potion of degeneration {unknown}
 h - 3 potions of magic
 n - 2 potions of flight {unknown}
 s - a potion of resistance {unknown}
 A - a potion of brilliance {unknown}
 E - a potion of curing {unknown}
 F - a potion of heal wounds {unknown}
Comestibles
 f - 8 rations
 u - 2 chunks of flesh


   Skills:
 + Level 4.8 Fighting
 + Level 5.6 Axes
 + Level 0.1(3.4) Maces & Flails
 + Level 5.2 Armour
 + Level 0.6 Dodging
 + Level 0.1 Stealth
 + Level 5.5 Shields


You had 5 spell levels left.
You didn't know any spells.
Your spell library was empty.

Dungeon Overview and Level Annotations

Branches:
Dungeon (5/15)             Temple (1/1) D:4

Altars:
Gozag
Kikubaaqudgha
Makhleb
Nemelex Xobeh
The Shining One


Innate Abilities, Weirdness & Mutations

You reflexively headbutt those who attack you in melee.
You have a pair of horns on your head.


Message History

Here: an orc warrior, wielding an ichor-stained war axe {elec} and wearing a plate armour The floor.
Press: ? - help, v - describe, . - travel The floor.
Press: ? - help, v - describe, . - travel
Here: an orc warrior, wielding an ichor-stained war axe {elec} and wearing a plate armour The floor.
Press: ? - help, v - describe, . - travel The floor.
There is a stone staircase leading up here.
You can't go down here!
You climb upwards.
You block the ogre's attack. The ogre hits you with a giant club!
* * * LOW HITPOINT WARNING * * *
There is a stone staircase leading down here.
You climb downwards.
You block the orc warrior's attack.
The orc warrior hits you with an ichor-stained war axe {elec}!
* * * LOW HITPOINT WARNING * * *
You are electrocuted!
You die...

...###.#####.#..###########.# *.
...# #.# #.#..# #.# *.
...###.#####.#..## #.# *.
.....#.##........# #.#***.
##.#.#...........# #..,**.
##.#.####.##.##..# *****###,*,.
.#[#.## #.##.##..# *,,,,,,,,,,,
#...#.###.##.##..# *,******,*,,
...###....##.##.@#####.# *,*,,
##..#.######.##.Oo.....#*****,*,,
##.#.## #..#.###......,,,,,,,,
.....# ##.#.# *,#####****,,,,
###..# *.#.# *,* *,*** # #..#
*,#.#**,* *,* * ###.## *,#.,,*,*
*,* * ....# *,##*,*,* *,* ..###
*,***,*,** *,***


You could see an orc warrior and an ogre.

Vanquished Creatures
  A crimson imp (D:5)
  A hound (D:4)
  3 orc priests (D:3)
  A bullfrog skeleton (D:4)
  An orc wizard (D:3)
  4 worker ants
  A howler monkey skeleton (D:5)
  3 adders (D:2)
  A worm (D:2)
  3 dart slugs (D:1)
  A leopard gecko (D:3)
  7 orcs (D:3)
  3 ball pythons
  6 bats
  2 giant cockroaches
  11 goblins
  9 hobgoblins
  8 jackals
  A ball python skeleton (D:5)
  5 frilled lizards
  A jackal skeleton (D:4)
  13 kobolds
  10 rats
96 creatures vanquished.

Notes
Turn   | Place    | Note
-------+----------+-------------------------------------------
     0 | D:1      | logros13 the Minotaur Fighter began the quest for the Orb.
     0 | D:1      | Reached XP level 1. HP: 19/19 MP: 0/0
   191 | D:1      | Reached XP level 2. HP: 25/27 MP: 1/1
   365 | D:1      | Reached XP level 3. HP: 33/33 MP: 2/2
   909 | D:2      | Found an opulent altar of Gozag.
  1022 | D:2      | Reached XP level 4. HP: 37/40 MP: 3/3
  1603 | D:3      | Reached XP level 5. HP: 47/47 MP: 4/4
  1616 | D:3      | Reached skill level 5 in Shields
  2406 | D:4      | Reached skill level 5 in Armour
  2406 | D:4      | Reached XP level 6. HP: 53/53 MP: 5/5
  2542 | D:4      | Found a staircase to the Ecumenical Temple.
  2555 | Temple   | Entered the Ecumenical Temple
  2660 | Temple   | Became a worshipper of Makhleb the Destroyer
  2782 | D:4      | Reached skill level 5 in Axes
  2822 | D:5      | Entered Level 5 of the Dungeon
  3229 | D:5      | Noticed an orc warrior
  3264 | D:5      | Identified the +7 war axe "Exzag" {elec, rPois rF- Str+4}
  3264 | D:5      | Demolished by an orc warrior

Vault maps used:
D:1:      dpeg_arrival_boxorama, minmay_tetromino_t4
D:2:      nicolae_gozag_seed_capital
D:3:      cheibrodos_pilgrimage
D:4:      minmay_temple_entry_junction, first_ration, uniq_menkaure
D:5:      grunt_dithmenos_smoke, nicolae_overflow_crystal_walls, sword_in_stone,
          uniq_crazy_yiuf_cottage, uniq_eustachio
Temple:   minmay_temple_curvy_loop

Skill      XL: |  1  2  3  4  5  6 |
---------------+-------------------+-----
Fighting       | 4 |  4.8
Armour         | 4 5 |  5.2
Shields        | 4 5 |  5.5
Axes           | 3 4 5 |  5.6
Maces & Flails | |  0.1
Dodging        | |  0.6
Stealth        | |  0.1

Action                   |  1- 3 |  4- 6 || total
-------------------------+-------+-------++-------
Melee: War axe           |   108 |   111 ||   219
       Whip              |     5 |       ||     5
       Headbutt          |    15 |    18 ||    33
  Use: Scroll            |     1 |     9 ||    10
       Potion            |       |     1 ||     1
  Eat: Chunk             |     1 |     7 ||     8
Armor: Scale mail        |    39 |    46 ||    85
Dodge: Dodged            |    38 |    27 ||    65
Block: Shield            |    64 |    53 ||   117

Table legend:
 A = Spawn XP
 B = Non-spawn XP
 C = Spawn XP percentage of total XP
 D = Spawn monster count
 E = Non-spawn monster count
 F = Spawn count percentage of total count
 G = Total turns spent on level
                    A         B        C        D         E        F      G
               +---------+---------+-------+---------+---------+-------+---------
         Total |       0 |     630 |   0.0 |       0 |      96 |   0.0 |  3264
               +---------+---------+-------+---------+---------+-------+---------
           D:1 |       0 |      59 |   0.0 |       0 |      32 |   0.0 |   808
           D:2 |       0 |      90 |   0.0 |       0 |      32 |   0.0 |   518
           D:3 |       0 |     200 |   0.0 |       0 |      20 |   0.0 |  1041
           D:4 |       0 |     152 |   0.0 |       0 |       7 |   0.0 |   340
           D:5 |       0 |     129 |   0.0 |       0 |       5 |   0.0 |   440
               +---------+---------+-------+---------+---------+-------+---------
